 Dungeon Crawl Stone Soup version 0.21.1-1-g345015fe64 (webtiles) character file.

81 Evaline the Shield-Bearer (level 4, -16/37 HPs)
             Began as a Formicid Fighter on June 28, 2018.
             Demolished by an ogre
             ... wielding a cursed -1 giant spiked club
              (27 damage)
             ... on level 2 of the Dungeon.
             The game lasted 00:12:53 (1728 turns).

Evaline the Shield-Bearer (Formicid Fighter)        Turns: 1728, Time: 00:12:53

Health: -16/37     AC: 12    Str: 22    XL:     4   Next: 68%
Magic:  4/4        EV:  5    Int:  7    God:
Gold:   115        SH: 10    Dex: 10    Spells: 3/3 levels left

rFire    . . .     SeeInvis +   a - +0 war axe
rCold    . . .     Gourm    .   c - +0 shield
rNeg     . . .     Faith    .   e - +0 plate armour
rPois    .         Spirit   .   (helmet unavailable)
rElec    .         Reflect  .   (no cloak)
rCorr    .         Harm     .   (no gloves)
MR       .....                  h - +0 pair of boots
Stlth    ..........             (no amulet)
HPRegen  0.12/turn              (no ring)
MPRegen  0.09/turn              (no ring)

@: no status effects
A: permanent stasis, dig shafts and tunnels, four strong arms, antennae 3
a: Dig, Shaft Self


You were on level 2 of the Dungeon.
You were hungry.

You visited 1 branch of the dungeon, and saw 2 of its levels.

You collected 115 gold pieces.

Inventory:

Hand Weapons
 a - a +0 war axe (weapon)
 b - a +2 hunting sling of flaming
 w - a +0 mace
Missiles
 i - 26 stones (quivered)
 n - 8 poisoned needles
 r - 47 sling bullets
Armour
 c - a +0 shield (worn)
 e - a +0 plate armour (worn)
 h - a +0 pair of boots (worn)
Wands
 p - a wand of flame (14)
Scrolls
 g - 2 scrolls of fog {unknown}
 j - 3 scrolls of amnesia {unknown}
 k - a scroll of enchant armour {unknown}
 l - 3 scrolls of remove curse {unknown}
 o - 6 scrolls of identify {unknown}
 q - a scroll of teleportation {unknown}
Potions
 d - 2 potions of might
 m - a potion of flight {unknown}
 s - 2 potions of degeneration {unknown}
Comestibles
 f - 4 rations


   Skills:
 + Level 3.7 Fighting
 + Level 2.9 Axes
 + Level 3.8 Armour
 + Level 0.1 Dodging
 * Level 4.6 Shields


You had 3 spell levels left.
You didn't know any spells.

Dungeon Overview and Level Annotations

Branches:
Dungeon (2/15)

Altars:
Uskayaw

Annotations:
D:2 Hostiles(R) OOR - Digging


Innate Abilities, Weirdness & Mutations

You cannot be hasted, slowed, berserked, paralysed or teleported.
You can dig through walls and to a lower floor.
Your four strong arms can wield two-handed weapons with a shield.
You have a pair of large antennae on your head. (SInv)


Message History

Your +2 hunting sling of flaming stops flaming.
a - a +0 war axe (weapon)
You hit the dart slug but do no damage. You slash the dart slug!
You kill the dart slug!
Found a scroll labeled BISULE GINK.
You see here a scroll labeled BISULE GINK.
o - 6 scrolls labeled BISULE GINK (gained 1)
The ogre hits you with a giant spiked club!!
Ouch! That really hurt!
* * * LOW HITPOINT WARNING * * *
You slash the ogre!
The ogre is moderately wounded.
The ogre hits you with a giant spiked club!
* * * LOW HITPOINT WARNING * * *
You slash the ogre!
The ogre is severely wounded.
The ogre hits you with a giant spiked club!!
Ouch! That really hurt!
You die...

# ### # .# #.# . ...
#.# # ...# #.#
###...# #.# ......
#@#
.......#########O# .#
...........K# ##
#.#########.# # #.#
#.# #.# # #.# #.# #.#
# #.# #.# #.# # #.#
#.# #.#
######.####.####.####


You could see an ogre and a kobold.

Vanquished Creatures
  Terence (D:2)
  An adder (D:2)
  2 worms (D:2)
  2 dart slugs
  A leopard gecko (D:1)
  2 bats (D:1)
  3 giant cockroaches
  2 goblins (D:2)
  7 hobgoblins
  5 kobolds
  5 frilled lizards
  5 rats
36 creatures vanquished.

Notes
Turn   | Place    | Note
-------+----------+-------------------------------------------
     0 | D:1      | Evaline the Formicid Fighter began the quest for the Orb.
     0 | D:1      | Reached XP level 1. HP: 18/18 MP: 1/1
    22 | D:1      | Reached XP level 2. HP: 16/24 MP: 2/2
    36 | D:1      | Reached skill level 4 in Shields
   515 | D:1      | Reached XP level 3. HP: 30/30 MP: 3/3
   694 | D:2      | Found a hide-covered altar of Uskayaw.
   696 | D:2      | Noticed a dagger
   697 | D:2      | Noticed a dagger
   761 | D:2      | Noticed an ogre
  1073 | D:2      | Reached XP level 4. HP: 36/37 MP: 4/4
  1147 | D:2      | Noticed Terence
  1176 | D:2      | Killed Terence
  1728 | D:2      | Demolished by an ogre

Skill      XL: |  1  2 |
---------------+-------+-----
Shields        | 4 |  4.6
Fighting       | |  3.7
Axes           | |  2.9
Armour         | |  3.8
Dodging        | |  0.1

Action                   |  1- 3 |  4- 6 || total
-------------------------+-------+-------++-------
Melee: War axe           |   131 |    37 ||   168
 Fire: Hunting sling     |     3 |    14 ||    17
  Eat: Chunk             |     1 |     1 ||     2
Armor: Scale mail        |    36 |       ||    36
       Plate armour      |    38 |    20 ||    58
Dodge: Dodged            |    25 |     4 ||    29
Block: Shield            |    73 |    19 ||    92
